[ AOE2 MATCH · #477476372 ]
UnrankedHindustanis vs Koreans
[ REPLAY ANALYSIS · EXTRACTED FROM THE RECORDED GAME ]
Feudal
11:00
Castle
25:58
Imperial
49:23
| APM avg | 21.0 |
| APM peak | 63 |
| eAPM avg | 9.3 |
| Villagers / military | 85 / 12 |
Focus
⚔️ 24.6% · 🌾 75.4%
Trade Cart ×12 · Spearman ×5 · Camel Scout ×4 · Militia ×2 · Monk ×1
Feudal
13:04
Castle
17:31
Imperial
47:01
| APM avg | 42.5 |
| APM peak | 83 |
| eAPM avg | 16.0 |
| Villagers / military | 93 / 107 |
Focus
⚔️ 22.7% · 🌾 77.3%
War Wagon ×105 · Trade Cart ×3 · Monk ×2
Feudal
11:37
Castle
23:18
Imperial
—
| APM avg | 31.0 |
| APM peak | 63 |
| eAPM avg | 15.4 |
| Villagers / military | 127 / 169 |
Focus
⚔️ 33.6% · 🌾 66.4%
Skirmisher ×62 · Spearman ×59 · Knight ×32 · Scout Cavalry ×15 · Archer ×1
Feudal
12:39
Castle
22:43
Imperial
35:46
| APM avg | 15.3 |
| APM peak | 35 |
| eAPM avg | 11.1 |
| Villagers / military | 98 / 124 |
Focus
⚔️ 36.0% · 🌾 64.0%
Steppe Lancer ×78 · Camel Scout ×29 · Knight ×9 · Trebuchet (Packed) ×6 · Spearman ×2
Feudal
10:18
Castle
24:32
Imperial
34:15
| APM avg | 17.2 |
| APM peak | 39 |
| eAPM avg | 7.8 |
| Villagers / military | 44 / 78 |
Focus
⚔️ 41.2% · 🌾 58.8%
Cavalry Archer ×66 · Scout Cavalry ×7 · Monk ×3 · Trebuchet (Packed) ×2
Feudal
10:27
Castle
21:51
Imperial
39:52
| APM avg | 44.5 |
| APM peak | 86 |
| eAPM avg | 22.4 |
| Villagers / military | 183 / 212 |
Focus
⚔️ 29.3% · 🌾 70.7%
Knight ×109 · Scout Cavalry ×97 · Spearman ×6
Match map
Initial resources + every placement click. Lines = walls · curves = elevation contours. ◆ gold · ⬟ stone · ● berries · ✦ relic · ◌ wall gap
Your base· Open — unwalled flank
aigle mortel's base· Open — 4t gap
小刀開狙鏡's base· Open — unwalled flank
Like_2_win2's base· Open — unwalled flank
jj.moreno.minas's base· Open — unwalled flank
Gemini's base· ✓ Closed at 21:51 · 29t walls · 2 gate(s)
Smoothed initial terrain · ◌ = detected wall gap · hover for details
Inputs per minute
— ゆきな - - aigle mortel
Build order — ゆきな
First 150 of 233 actions detected
| 0:06 | Build | House |
| 0:09 | Build | House |
| 0:21 | Create | Villager (Male) |
| 0:22 | Create | Villager (Male) |
| 0:22 | Create | Villager (Male) |
| 0:23 | Create | Villager (Male) |
| 0:23 | Create | Villager (Male) |
| 2:17 | Create | Villager (Male) |
| 2:18 | Create | Villager (Male) |
| 2:18 | Create | Villager (Male) |
| 2:49 | Create | Villager (Male) |
| 2:49 | Create | Villager (Male) |
| 3:51 | Create | Villager (Male) |
| 4:06 | Create | Villager (Male) |
| 4:17 | Create | Villager (Male) |
| 4:26 | Build | House |
| 5:06 | Research | Loom |
| 5:46 | Create | Villager (Male) |
| 5:46 | Create | Villager (Male) |
| 5:46 | Create | Villager (Male) |
| 6:19 | Build | Mill |
| 7:10 | Create | Villager (Male) |
| 7:10 | Create | Villager (Male) |
| 7:36 | Create | Villager (Male) |
| 8:24 | Build | Lumber Camp |
| 8:28 | Create | Villager (Male) |
| 8:32 | Build | House |
| 8:50 | Research | Feudal Age |
| 9:32 | Build | Barracks |
| 10:02 | Create | Villager (Male) |
| 10:02 | Create | Villager (Male) |
| 10:44 | Create | Militia |
| 11:00 | Age | Feudal Age |
| 11:01 | Create | Villager (Male) |
| 11:30 | Create | Militia |
| 11:39 | Build | Lumber Camp |
| 11:45 | Build | Mining Camp |
| 11:48 | Create | Villager (Male) |
| 12:02 | Build | Farm |
| 12:03 | Build | Farm |
| 12:21 | Build | House |
| 12:27 | Research | Wheelbarrow |
| 12:28 | Create | Villager (Male) |
| 12:38 | Research | Double-Bit Axe |
| 13:02 | Build | Blacksmith |
| 13:08 | Create | Villager (Male) |
| 13:15 | Research | Man-at-Arms (upgrade) |
| 13:53 | Build | Market |
| 14:20 | Create | Spearman |
| 14:21 | Create | Spearman |
| 14:24 | Create | Villager (Male) |
| 14:24 | Create | Villager (Male) |
| 14:40 | Build | Lumber Camp |
| 14:49 | Create | Villager (Male) |
| 15:03 | Build | House |
| 15:44 | Create | Spearman |
| 15:44 | Create | Spearman |
| 15:50 | Create | Villager (Male) |
| 15:51 | Create | Villager (Male) |
| 15:57 | Build | Farm |
| 16:00 | Build | Farm |
| 16:03 | Build | Farm |
| 16:06 | Research | Horse Collar |
| 16:08 | Create | Villager (Male) |
| 16:08 | Create | Villager (Male) |
| 16:15 | Build | Mining Camp |
| 16:26 | Build | Farm |
| 17:19 | Build | Farm |
| 17:47 | Build | Farm |
| 17:47 | Build | Farm |
| 17:48 | Build | Farm |
| 17:48 | Build | Farm |
| 17:58 | Create | Villager (Male) |
| 18:06 | Build | House |
| 18:29 | Research | Scale Barding Armor |
| 18:40 | Research | Gold Mining |
| 18:44 | Research | Stone Mining |
| 18:46 | Create | Villager (Male) |
| 18:58 | Build | Farm |
| 19:01 | Build | Farm |
| 19:03 | Build | Farm |
| 19:15 | Create | Villager (Male) |
| 19:52 | Create | Villager (Male) |
| 20:00 | Create | Villager (Male) |
| 20:00 | Create | Villager (Male) |
| 20:19 | Build | Farm |
| 20:20 | Build | Farm |
| 20:35 | Build | House |
| 21:17 | Create | Villager (Male) |
| 21:17 | Create | Villager (Male) |
| 21:55 | Build | House |
| 21:56 | Build | House |
| 23:18 | Research | Castle Age |
| 23:41 | Create | Spearman |
| 24:47 | Create | Villager (Male) |
| 25:37 | Create | Villager (Male) |
| 25:37 | Create | Villager (Male) |
| 25:48 | Build | Farm |
| 25:58 | Age | Castle Age |
| 26:06 | Research | Heavy Plow |
| 26:08 | Research | Bow Saw |
| 26:49 | Build | Town Center |
| 26:53 | Create | Villager (Male) |
| 27:07 | Build | Town Center |
| 27:12 | Create | Villager (Male) |
| 27:12 | Create | Villager (Male) |
| 28:08 | Create | Villager (Male) |
| 29:50 | Build | Lumber Camp |
| 29:58 | Build | Mining Camp |
| 30:12 | Research | Hand Cart |
| 30:13 | Research | Town Watch |
| 30:16 | Research | Gold Shaft Mining |
| 31:35 | Build | Market |
| 31:42 | Build | Lumber Camp |
| 34:06 | Build | Castle |
| 34:51 | Build | Town Center |
| 34:59 | Build | Mill |
| 35:00 | Build | Farm |
| 35:01 | Build | Farm |
| 35:01 | Build | Farm |
| 35:01 | Build | Farm |
| 35:08 | Research | Stone Shaft Mining |
| 35:16 | Research | Forging |
| 35:26 | Create | Trade Cart |
| 35:26 | Create | Trade Cart |
| 35:26 | Create | Trade Cart |
| 35:27 | Create | Trade Cart |
| 35:27 | Create | Trade Cart |
| 35:28 | Create | Trade Cart |
| 35:28 | Create | Trade Cart |
| 36:15 | Build | Farm |
| 36:15 | Build | Farm |
| 36:22 | Build | Farm |
| 36:23 | Build | Farm |
| 36:24 | Build | Farm |
| 36:28 | Create | Villager (Male) |
| 36:28 | Create | Villager (Male) |
| 36:28 | Create | Villager (Male) |
| 36:28 | Create | Villager (Male) |
| 36:33 | Build | Farm |
| 37:19 | Create | Villager (Male) |
| 37:20 | Create | Villager (Male) |
| 37:20 | Create | Villager (Male) |
| 37:45 | Build | Mill |
| 37:47 | Build | Farm |
| 37:47 | Build | Farm |
| 37:47 | Build | Farm |
| 37:48 | Build | Farm |
| 37:55 | Create | Villager (Male) |
| 37:55 | Create | Villager (Male) |
Build order — aigle mortel
First 150 of 227 actions detected
| 0:03 | Build | House |
| 0:07 | Build | House |
| 0:08 | Create | Villager (Male) |
| 0:09 | Create | Villager (Male) |
| 0:09 | Create | Villager (Male) |
| 0:09 | Create | Villager (Male) |
| 1:33 | Create | Villager (Male) |
| 2:00 | Build | Lumber Camp |
| 2:18 | Create | Villager (Male) |
| 2:19 | Create | Villager (Male) |
| 2:19 | Create | Villager (Male) |
| 2:58 | Create | Villager (Male) |
| 3:18 | Create | Villager (Male) |
| 3:37 | Build | House |
| 3:45 | Create | Villager (Male) |
| 4:05 | Create | Villager (Male) |
| 4:05 | Create | Villager (Male) |
| 4:56 | Create | Villager (Male) |
| 4:56 | Create | Villager (Male) |
| 5:14 | Build | Mill |
| 5:29 | Create | Villager (Male) |
| 5:29 | Create | Villager (Male) |
| 5:29 | Create | Villager (Male) |
| 5:29 | Create | Villager (Male) |
| 5:30 | Create | Villager (Male) |
| 5:30 | Create | Villager (Male) |
| 5:58 | Build | House |
| 6:09 | Build | House |
| 6:21 | Create | Villager (Male) |
| 6:21 | Create | Villager (Male) |
| 6:37 | Create | Villager (Male) |
| 7:48 | Create | Villager (Male) |
| 7:50 | Create | Villager (Male) |
| 7:50 | Create | Villager (Male) |
| 7:51 | Create | Villager (Male) |
| 8:08 | Build | Mining Camp |
| 8:18 | Build | Farm |
| 9:32 | Build | Farm |
| 9:36 | Build | Farm |
| 9:55 | Build | Mining Camp |
| 10:37 | Research | Feudal Age |
| 11:05 | Create | Villager (Male) |
| 11:05 | Create | Villager (Male) |
| 11:16 | Build | House |
| 11:18 | Build | House |
| 12:30 | Build | Farm |
| 13:04 | Age | Feudal Age |
| 13:10 | Build | Market |
| 13:15 | Build | Blacksmith |
| 13:42 | Research | Loom |
| 13:53 | Build | Farm |
| 14:18 | Create | Villager (Male) |
| 14:51 | Research | Castle Age |
| 15:31 | Research | Double-Bit Axe |
| 16:12 | Research | Horse Collar |
| 16:46 | Build | Farm |
| 17:02 | Build | Farm |
| 17:11 | Create | Villager (Male) |
| 17:31 | Age | Castle Age |
| 17:37 | Build | Castle |
| 17:40 | Build | Monastery |
| 17:50 | Research | Heavy Plow |
| 18:29 | Create | Monk |
| 18:40 | Research | Bow Saw |
| 18:46 | Build | Farm |
| 18:46 | Build | Farm |
| 18:47 | Build | Farm |
| 18:58 | Create | Villager (Male) |
| 19:18 | Create | Monk |
| 19:46 | Create | Villager (Male) |
| 19:47 | Create | Villager (Male) |
| 20:04 | Create | War Wagon |
| 20:04 | Create | War Wagon |
| 20:04 | Create | War Wagon |
| 20:35 | Create | Villager (Male) |
| 20:35 | Create | Villager (Male) |
| 20:40 | Create | War Wagon |
| 20:42 | Create | War Wagon |
| 20:45 | Create | Villager (Male) |
| 21:01 | Build | Town Center |
| 21:04 | Create | Trade Cart |
| 21:25 | Create | Villager (Male) |
| 21:31 | Create | War Wagon |
| 21:36 | Build | Farm |
| 21:36 | Build | Farm |
| 21:42 | Build | Lumber Camp |
| 21:46 | Create | Villager (Male) |
| 21:46 | Create | Villager (Male) |
| 22:11 | Research | Fletching |
| 22:14 | Create | War Wagon |
| 22:14 | Create | War Wagon |
| 23:14 | Create | War Wagon |
| 23:15 | Create | Villager (Male) |
| 23:16 | Create | Villager (Male) |
| 24:33 | Create | Villager (Male) |
| 24:33 | Create | Villager (Male) |
| 24:35 | Create | War Wagon ×3 |
| 24:57 | Create | Villager (Male) |
| 24:57 | Create | Villager (Male) |
| 25:12 | Create | War Wagon |
| 25:12 | Create | War Wagon |
| 25:27 | Create | Villager (Male) |
| 25:40 | Build | Castle |
| 25:43 | Build | Mining Camp |
| 25:45 | Create | Villager (Male) |
| 25:47 | Research | Gold Mining |
| 26:24 | Create | Villager (Male) |
| 26:27 | Build | University |
| 26:45 | Create | Villager (Male) |
| 26:46 | Create | War Wagon ×3 |
| 26:53 | Create | Villager (Male) |
| 26:59 | Build | House |
| 27:00 | Build | House |
| 27:03 | Build | Mining Camp |
| 28:15 | Research | Ballistics |
| 28:29 | Build | Outpost |
| 28:31 | Build | House |
| 28:36 | Build | House |
| 28:38 | Build | House |
| 28:44 | Create | Villager (Male) |
| 28:45 | Research | Wheelbarrow |
| 28:51 | Build | House |
| 28:52 | Build | House |
| 28:52 | Build | House |
| 28:52 | Build | House |
| 28:57 | Create | War Wagon |
| 28:57 | Create | War Wagon |
| 28:59 | Create | War Wagon |
| 28:59 | Create | War Wagon |
| 29:36 | Create | Villager (Male) |
| 29:50 | Build | House |
| 29:57 | Create | War Wagon ×2 |
| 30:04 | Create | War Wagon |
| 30:04 | Create | War Wagon |
| 30:13 | Create | Villager (Male) |
| 30:33 | Create | War Wagon |
| 31:23 | Build | Lumber Camp |
| 31:43 | Create | War Wagon ×2 |
| 31:43 | Create | Villager (Male) |
| 31:44 | Create | Villager (Male) |
| 31:44 | Create | Villager (Male) |
| 31:44 | Create | Villager (Male) |
| 31:50 | Create | Villager (Male) |
| 31:51 | Create | Villager (Male) |
| 33:23 | Create | War Wagon ×5 |
| 33:23 | Create | War Wagon ×2 |
| 33:51 | Build | House |
| 34:06 | Build | Castle |
| 34:14 | Create | Villager (Male) |
| 34:14 | Create | Villager (Male) |
Build order — 小刀開狙鏡
First 150 of 414 actions detected
| 0:01 | Create | Villager (Male) |
| 0:01 | Create | Villager (Male) |
| 0:03 | Build | House |
| 0:08 | Build | House |
| 0:42 | Create | Villager (Male) |
| 0:42 | Create | Villager (Male) |
| 1:42 | Create | Villager (Male) |
| 2:25 | Build | Mill |
| 2:26 | Create | Villager (Male) |
| 2:26 | Create | Villager (Male) |
| 3:12 | Create | Villager (Male) |
| 3:53 | Create | Villager (Male) |
| 3:53 | Create | Villager (Male) |
| 4:06 | Create | Villager (Male) |
| 4:24 | Build | Lumber Camp |
| 4:26 | Create | Villager (Male) |
| 4:42 | Research | Loom |
| 4:54 | Create | Villager (Male) |
| 5:10 | Create | Villager (Male) |
| 5:39 | Build | House |
| 6:09 | Build | House |
| 6:12 | Build | House |
| 6:31 | Create | Villager (Male) |
| 6:52 | Build | Barracks |
| 6:56 | Create | Villager (Male) |
| 7:46 | Create | Villager (Male) |
| 8:20 | Create | Villager (Male) |
| 9:01 | Create | Villager (Male) |
| 9:25 | Research | Feudal Age |
| 10:09 | Create | Villager (Male) |
| 10:37 | Build | Mining Camp |
| 10:41 | Create | Villager (Male) |
| 10:59 | Build | House |
| 11:37 | Age | Feudal Age |
| 11:42 | Build | Lumber Camp |
| 11:49 | Build | Market |
| 12:15 | Research | Double-Bit Axe |
| 12:17 | Create | Villager (Male) |
| 12:25 | Create | Villager (Male) |
| 12:31 | Build | Farm |
| 12:54 | Create | Villager (Male) |
| 12:54 | Create | Villager (Male) |
| 12:56 | Build | Farm |
| 13:08 | Build | Blacksmith |
| 13:21 | Build | Farm |
| 13:23 | Create | Villager (Male) |
| 13:50 | Build | Farm |
| 13:53 | Create | Villager (Male) |
| 14:05 | Create | Spearman |
| 14:05 | Create | Spearman |
| 14:14 | Build | Farm |
| 14:14 | Build | Farm |
| 14:15 | Build | Farm |
| 14:19 | Build | House |
| 14:27 | Build | Farm |
| 14:42 | Build | Farm |
| 15:23 | Create | Spearman |
| 15:23 | Create | Spearman |
| 15:26 | Create | Villager (Male) |
| 15:26 | Create | Villager (Male) |
| 16:17 | Create | Villager (Male) |
| 16:26 | Build | House |
| 16:45 | Build | Farm |
| 16:46 | Build | Farm |
| 17:14 | Build | House |
| 17:17 | Create | Villager (Male) |
| 17:18 | Create | Villager (Male) |
| 17:36 | Create | Villager (Male) |
| 17:55 | Build | Farm |
| 17:57 | Create | Villager (Male) |
| 18:03 | Build | Farm |
| 18:12 | Build | Farm |
| 18:17 | Build | Farm |
| 18:18 | Build | Farm |
| 18:21 | Build | Farm |
| 18:39 | Create | Villager (Male) |
| 18:39 | Create | Villager (Male) |
| 18:50 | Build | Stable |
| 19:26 | Create | Villager (Male) |
| 19:26 | Create | Villager (Male) |
| 19:30 | Build | Farm |
| 19:58 | Build | Farm |
| 20:21 | Research | Castle Age |
| 20:22 | Create | Villager (Male) |
| 20:22 | Create | Villager (Male) |
| 20:27 | Build | Farm |
| 20:35 | Build | Mining Camp |
| 21:07 | Research | Forging |
| 21:15 | Build | Mill |
| 21:23 | Build | Farm |
| 21:24 | Build | Farm |
| 21:30 | Create | Villager (Male) |
| 21:46 | Create | Villager (Male) |
| 21:59 | Build | Farm |
| 22:02 | Build | Farm |
| 22:19 | Build | Stable |
| 22:24 | Create | Villager (Male) |
| 22:33 | Research | Scale Barding Armor |
| 22:38 | Create | Scout Cavalry |
| 22:38 | Create | Scout Cavalry |
| 23:18 | Age | Castle Age |
| 23:24 | Create | Knight |
| 23:24 | Create | Knight |
| 23:24 | Create | Knight |
| 23:26 | Research | Husbandry |
| 23:26 | Research | Husbandry |
| 23:33 | Research | Gold Mining |
| 23:35 | Create | Villager (Male) |
| 23:36 | Create | Villager (Male) |
| 23:46 | Build | Town Center |
| 23:52 | Create | Villager (Male) |
| 24:07 | Research | Light Cavalry (upgrade) |
| 24:27 | Create | Villager (Male) |
| 24:36 | Build | House |
| 24:43 | Build | House |
| 24:53 | Research | Wheelbarrow |
| 24:54 | Research | Wheelbarrow |
| 24:55 | Create | Villager (Male) |
| 24:55 | Create | Villager (Male) |
| 25:01 | Create | Knight |
| 25:01 | Create | Knight |
| 25:09 | Create | Scout Cavalry |
| 25:12 | Create | Scout Cavalry |
| 25:14 | Create | Scout Cavalry |
| 25:21 | Build | House |
| 25:35 | Build | House |
| 25:36 | Build | House |
| 25:38 | Build | House |
| 25:38 | Build | House |
| 25:44 | Create | Knight |
| 25:45 | Create | Knight |
| 25:45 | Create | Knight |
| 25:57 | Create | Villager (Male) |
| 26:18 | Create | Villager (Male) |
| 26:23 | Create | Knight |
| 26:27 | Create | Scout Cavalry |
| 26:28 | Create | Scout Cavalry |
| 27:11 | Research | Pikeman (upgrade) |
| 27:11 | Create | Spearman |
| 27:12 | Create | Spearman |
| 27:12 | Create | Spearman |
| 27:12 | Create | Spearman |
| 27:12 | Create | Spearman |
| 27:12 | Create | Spearman |
| 27:12 | Create | Spearman |
| 27:13 | Create | Spearman |
| 27:16 | Create | Villager (Male) |
| 27:19 | Create | Villager (Male) |
| 27:20 | Create | Villager (Male) |
| 27:20 | Create | Villager (Male) |
Build order — Like_2_win2
First 150 of 391 actions detected
| 0:03 | Build | House |
| 0:08 | Create | Villager (Male) |
| 0:08 | Create | Villager (Male) |
| 0:08 | Create | Villager (Male) |
| 0:51 | Create | Villager (Male) |
| 1:39 | Create | Villager (Male) |
| 2:22 | Build | House |
| 2:26 | Create | Villager (Male) |
| 2:26 | Create | Villager (Male) |
| 2:41 | Build | Mill |
| 2:45 | Create | Villager (Male) |
| 2:45 | Create | Villager (Male) |
| 3:28 | Create | Villager (Male) |
| 3:28 | Create | Villager (Male) |
| 4:01 | Build | House |
| 4:07 | Create | Villager (Male) |
| 4:07 | Create | Villager (Male) |
| 4:08 | Create | Villager (Male) |
| 4:47 | Create | Villager (Male) |
| 5:21 | Create | Villager (Male) |
| 5:21 | Create | Villager (Male) |
| 5:21 | Create | Villager (Male) |
| 5:57 | Build | Lumber Camp |
| 6:09 | Create | Villager (Male) |
| 6:20 | Build | House |
| 6:30 | Create | Villager (Male) |
| 6:54 | Create | Villager (Male) |
| 6:55 | Create | Villager (Male) |
| 7:10 | Create | Villager (Male) |
| 7:28 | Create | Villager (Male) |
| 8:03 | Create | Villager (Male) |
| 8:43 | Create | Villager (Male) |
| 8:51 | Build | Farm |
| 9:22 | Build | Mining Camp |
| 9:46 | Build | Mill |
| 9:53 | Research | Loom |
| 10:01 | Build | Farm |
| 10:25 | Build | Lumber Camp |
| 10:29 | Research | Feudal Age |
| 11:07 | Build | Farm |
| 11:26 | Build | Barracks |
| 12:39 | Age | Feudal Age |
| 12:54 | Build | House |
| 12:59 | Research | Wheelbarrow |
| 13:03 | Research | Double-Bit Axe |
| 13:27 | Research | Horse Collar |
| 13:36 | Build | Town Center |
| 13:48 | Create | Villager (Male) |
| 13:49 | Create | Villager (Male) |
| 13:57 | Build | Farm |
| 14:34 | Create | Villager (Male) |
| 14:42 | Build | Farm |
| 14:45 | Build | Farm |
| 15:13 | Build | Palisade Gate |
| 15:34 | Build | Palisade Wall |
| 15:48 | Build | Stable |
| 15:52 | Create | Villager (Male) |
| 15:52 | Create | Villager (Male) |
| 16:00 | Create | Villager (Male) |
| 16:00 | Create | Villager (Male) |
| 16:00 | Create | Villager (Male) |
| 16:09 | Build | Farm |
| 16:13 | Build | Farm |
| 16:15 | Build | Farm |
| 16:34 | Create | Villager (Male) |
| 16:40 | Create | Spearman |
| 17:36 | Build | Palisade Wall |
| 17:46 | Build | Palisade Wall |
| 18:03 | Build | Farm |
| 18:08 | Build | Farm |
| 18:14 | Build | Farm |
| 18:18 | Build | Farm |
| 18:22 | Create | Villager (Male) |
| 18:22 | Create | Villager (Male) |
| 18:39 | Create | Villager (Male) |
| 18:40 | Create | Villager (Male) |
| 18:47 | Build | House |
| 18:52 | Build | House |
| 18:53 | Build | House |
| 18:58 | Build | Blacksmith |
| 19:01 | Build | House |
| 19:29 | Build | Farm |
| 19:34 | Build | Farm |
| 19:41 | Build | Farm |
| 20:03 | Research | Castle Age |
| 20:12 | Create | Villager (Male) |
| 20:52 | Build | Mining Camp |
| 21:03 | Create | Villager (Male) |
| 21:04 | Create | Villager (Male) |
| 21:10 | Research | Gold Mining |
| 21:24 | Build | Farm |
| 21:32 | Build | House |
| 21:34 | Build | House |
| 21:36 | Build | House |
| 21:37 | Build | House |
| 21:53 | Build | Palisade Wall |
| 22:02 | Build | Palisade Gate |
| 22:12 | Build | Palisade Wall |
| 22:26 | Create | Villager (Male) |
| 22:26 | Create | Villager (Male) |
| 22:43 | Age | Castle Age |
| 22:59 | Build | Stable |
| 23:13 | Build | Town Center |
| 23:16 | Research | Hand Cart |
| 23:20 | Research | Heavy Plow |
| 23:24 | Create | Knight |
| 23:25 | Create | Knight |
| 23:25 | Create | Knight |
| 23:25 | Create | Knight |
| 23:25 | Create | Knight |
| 23:45 | Build | Town Center |
| 23:54 | Create | Spearman |
| 24:27 | Research | Town Watch |
| 24:28 | Create | Villager (Male) |
| 24:28 | Create | Villager (Male) |
| 24:28 | Create | Villager (Male) |
| 24:29 | Create | Villager (Male) |
| 24:29 | Create | Villager (Male) |
| 25:29 | Create | Villager (Male) |
| 25:30 | Create | Villager (Male) |
| 25:42 | Build | Town Center |
| 25:46 | Create | Villager (Male) |
| 25:47 | Create | Villager (Male) |
| 25:47 | Create | Villager (Male) |
| 25:47 | Create | Villager (Male) |
| 25:47 | Create | Villager (Male) |
| 26:01 | Research | Bow Saw |
| 26:12 | Build | Farm |
| 26:29 | Create | Villager (Male) |
| 26:33 | Create | Villager (Male) |
| 26:33 | Create | Villager (Male) |
| 26:33 | Create | Villager (Male) |
| 26:34 | Create | Villager (Male) |
| 26:50 | Build | Farm |
| 27:17 | Research | Fletching |
| 27:21 | Create | Villager (Male) |
| 27:27 | Build | Farm |
| 27:30 | Build | Farm |
| 27:31 | Build | Farm |
| 27:43 | Create | Villager (Male) |
| 27:43 | Create | Villager (Male) |
| 27:43 | Create | Villager (Male) |
| 28:00 | Research | Stone Mining |
| 28:05 | Create | Villager (Male) |
| 28:05 | Create | Villager (Male) |
| 28:05 | Create | Villager (Male) |
| 28:05 | Create | Villager (Male) |
| 28:23 | Build | Farm |
| 28:27 | Build | Farm |
| 28:28 | Build | Farm |
Build order — jj.moreno.minas
First 150 of 207 actions detected
| 0:02 | Create | Villager (Male) |
| 0:02 | Create | Villager (Male) |
| 0:03 | Create | Villager (Male) |
| 0:03 | Create | Villager (Male) |
| 0:12 | Build | House |
| 0:13 | Build | House |
| 0:14 | Build | House |
| 0:15 | Build | House |
| 1:39 | Create | Villager (Male) |
| 2:11 | Create | Villager (Male) |
| 2:43 | Create | Villager (Male) |
| 2:46 | Create | Villager (Male) |
| 3:13 | Create | Villager (Male) |
| 3:38 | Create | Villager (Male) |
| 3:58 | Create | Villager (Male) |
| 3:58 | Create | Villager (Male) |
| 4:39 | Create | Villager (Male) |
| 5:26 | Create | Villager (Male) |
| 5:47 | Create | Villager (Male) |
| 5:48 | Create | Villager (Male) |
| 6:09 | Build | Mill |
| 6:20 | Create | Villager (Male) |
| 6:32 | Create | Villager (Male) |
| 7:00 | Build | Lumber Camp |
| 7:07 | Create | Villager (Male) |
| 7:54 | Build | House |
| 7:55 | Build | House |
| 8:08 | Research | Feudal Age |
| 9:01 | Build | Barracks |
| 10:18 | Age | Feudal Age |
| 10:23 | Build | Stable |
| 10:36 | Build | Stable |
| 11:09 | Create | Villager (Male) |
| 11:09 | Create | Villager (Male) |
| 11:18 | Research | Bloodlines |
| 11:33 | Build | Farm |
| 11:37 | Create | Scout Cavalry |
| 11:37 | Create | Scout Cavalry |
| 11:42 | Create | Scout Cavalry |
| 12:00 | Build | Farm |
| 12:09 | Build | Farm |
| 12:17 | Create | Scout Cavalry |
| 12:17 | Create | Scout Cavalry |
| 12:27 | Build | Farm |
| 12:35 | Build | Farm |
| 12:38 | Create | Scout Cavalry |
| 12:38 | Create | Scout Cavalry |
| 12:55 | Build | Farm |
| 12:57 | Build | Farm |
| 13:08 | Build | Farm |
| 13:10 | Build | Farm |
| 16:13 | Build | Blacksmith |
| 16:18 | Build | Mining Camp |
| 16:28 | Research | Horse Collar |
| 16:30 | Research | Double-Bit Axe |
| 17:20 | Build | Farm |
| 17:29 | Research | Gold Mining |
| 17:37 | Create | Villager (Male) |
| 17:38 | Create | Villager (Male) |
| 17:38 | Create | Villager (Male) |
| 18:40 | Create | Villager (Male) |
| 18:49 | Build | Farm |
| 18:50 | Build | Farm |
| 18:58 | Build | Farm |
| 19:57 | Build | Archery Range |
| 20:10 | Build | Farm |
| 21:52 | Research | Castle Age |
| 22:22 | Build | Lumber Camp |
| 22:30 | Build | House |
| 22:31 | Build | House |
| 22:32 | Build | House |
| 22:33 | Build | House |
| 23:37 | Build | Mining Camp |
| 23:46 | Create | Villager (Male) |
| 23:47 | Create | Villager (Male) |
| 23:47 | Create | Villager (Male) |
| 23:54 | Research | Fletching |
| 23:55 | Research | Padded Archer Armor |
| 24:32 | Age | Castle Age |
| 24:44 | Research | Stone Mining |
| 24:47 | Research | Gold Shaft Mining |
| 24:50 | Research | Bow Saw |
| 24:54 | Research | Heavy Plow |
| 24:57 | Create | Villager (Male) |
| 25:42 | Create | Villager (Male) |
| 25:43 | Create | Villager (Male) |
| 26:00 | Build | University |
| 26:09 | Build | Monastery |
| 26:49 | Create | Villager (Male) |
| 26:57 | Research | Wheelbarrow |
| 26:59 | Research | Loom |
| 27:12 | Create | Monk |
| 27:12 | Create | Monk |
| 27:32 | Research | Thumb Ring |
| 27:45 | Research | Ballistics |
| 28:47 | Build | Castle |
| 29:26 | Research | Thumb Ring |
| 29:30 | Create | Cavalry Archer |
| 29:31 | Create | Cavalry Archer |
| 29:33 | Create | Cavalry Archer |
| 29:33 | Create | Cavalry Archer |
| 29:34 | Create | Cavalry Archer |
| 30:10 | Build | Farm |
| 30:17 | Build | Farm |
| 30:27 | Build | Farm |
| 30:34 | Build | Farm |
| 31:05 | Research | Imperial Age |
| 31:13 | Create | Cavalry Archer |
| 31:13 | Create | Cavalry Archer |
| 31:14 | Create | Cavalry Archer |
| 31:14 | Create | Cavalry Archer |
| 31:27 | Build | Lumber Camp |
| 32:22 | Create | Cavalry Archer |
| 32:23 | Create | Cavalry Archer |
| 32:23 | Create | Cavalry Archer |
| 32:23 | Create | Cavalry Archer |
| 32:35 | Build | Archery Range |
| 32:42 | Build | Archery Range |
| 33:37 | Research | Husbandry |
| 33:42 | Research | Bodkin Arrow |
| 33:43 | Research | Leather Archer Armor |
| 33:53 | Create | Cavalry Archer |
| 33:53 | Create | Cavalry Archer |
| 34:02 | Create | Cavalry Archer |
| 34:02 | Create | Cavalry Archer |
| 34:03 | Create | Cavalry Archer |
| 34:03 | Create | Cavalry Archer |
| 34:15 | Age | Imperial Age |
| 34:35 | Create | Villager (Male) |
| 34:36 | Create | Villager (Male) |
| 34:36 | Create | Villager (Male) |
| 34:36 | Create | Villager (Male) |
| 34:47 | Research | Chemistry |
| 35:05 | Create | Villager (Male) |
| 35:05 | Create | Villager (Male) |
| 35:06 | Create | Villager (Male) |
| 35:06 | Create | Villager (Male) |
| 36:55 | Research | Parthian Tactics |
| 37:37 | Research | Heavy Cavalry Archer (upgrade) |
| 37:47 | Create | Cavalry Archer |
| 37:48 | Create | Cavalry Archer |
| 37:48 | Create | Cavalry Archer |
| 37:48 | Create | Cavalry Archer |
| 37:49 | Create | Cavalry Archer |
| 37:59 | Create | Cavalry Archer |
| 39:45 | Create | Cavalry Archer |
| 39:45 | Create | Cavalry Archer |
| 39:45 | Create | Cavalry Archer |
| 39:46 | Create | Cavalry Archer |
| 39:46 | Create | Cavalry Archer |
Build order — Gemini
First 150 of 474 actions detected
| 0:01 | Create | Villager (Male) ×4 |
| 0:05 | Build | House |
| 0:08 | Build | House |
| 1:48 | Create | Villager (Male) |
| 2:23 | Create | Villager (Male) |
| 2:23 | Create | Villager (Male) |
| 2:48 | Create | Villager (Male) |
| 2:49 | Create | Villager (Male) |
| 2:49 | Create | Villager (Male) |
| 3:14 | Create | Villager (Male) |
| 3:14 | Create | Villager (Male) |
| 3:14 | Create | Villager (Male) |
| 3:14 | Create | Villager (Male) |
| 3:31 | Build | House |
| 3:38 | Create | Villager (Male) |
| 3:39 | Create | Villager (Male) |
| 3:39 | Create | Villager (Male) |
| 4:17 | Create | Villager (Male) |
| 4:22 | Build | Lumber Camp |
| 4:28 | Create | Villager (Male) |
| 4:29 | Create | Villager (Male) |
| 4:49 | Create | Villager (Male) |
| 4:49 | Create | Villager (Male) |
| 5:29 | Create | Villager (Male) |
| 5:41 | Create | Villager (Male) |
| 5:41 | Create | Villager (Male) |
| 6:05 | Create | Villager (Male) |
| 6:14 | Build | Mill |
| 6:38 | Create | Villager (Male) |
| 7:18 | Research | Loom |
| 7:19 | Research | Loom |
| 8:17 | Research | Feudal Age |
| 8:17 | Research | Feudal Age |
| 9:00 | Build | House |
| 9:14 | Create | Villager (Male) |
| 9:39 | Build | House |
| 9:43 | Build | Palisade Gate |
| 9:48 | Build | Barracks |
| 9:56 | Build | Palisade Wall |
| 10:02 | Create | Villager (Male) |
| 10:07 | Build | House |
| 10:18 | Build | Palisade Wall |
| 10:20 | Build | Palisade Wall |
| 10:25 | Build | House |
| 10:27 | Age | Feudal Age |
| 10:33 | Research | Double-Bit Axe |
| 10:36 | Research | Horse Collar |
| 11:00 | Create | Villager (Male) |
| 11:00 | Create | Villager (Male) |
| 11:00 | Create | Villager (Male) |
| 11:08 | Build | Stable |
| 11:34 | Build | Palisade Wall |
| 11:38 | Create | Villager (Male) |
| 11:38 | Create | Villager (Male) |
| 11:39 | Create | Villager (Male) |
| 11:44 | Build | Farm |
| 11:46 | Build | Farm |
| 11:50 | Build | Farm |
| 11:53 | Build | Farm |
| 11:58 | Build | Farm |
| 12:10 | Build | Farm |
| 12:14 | Create | Villager (Male) |
| 12:32 | Build | House |
| 12:42 | Create | Scout Cavalry |
| 12:51 | Build | Mining Camp |
| 13:19 | Build | Blacksmith |
| 13:27 | Build | House |
| 13:32 | Build | House |
| 13:40 | Build | Palisade Wall |
| 13:46 | Build | Palisade Wall |
| 13:49 | Build | Palisade Wall |
| 13:50 | Build | Palisade Wall |
| 13:55 | Create | Villager (Male) |
| 14:01 | Build | Farm |
| 14:09 | Build | Mining Camp |
| 14:20 | Build | House |
| 14:21 | Create | Scout Cavalry |
| 14:22 | Create | Villager (Male) |
| 14:22 | Create | Villager (Male) |
| 14:23 | Create | Villager (Male) |
| 14:23 | Create | Villager (Male) |
| 14:23 | Create | Villager (Male) |
| 14:29 | Build | House |
| 14:41 | Build | Palisade Gate |
| 14:44 | Build | Palisade Wall |
| 14:55 | Build | House |
| 14:56 | Build | Palisade Wall |
| 15:48 | Create | Spearman |
| 15:49 | Create | Spearman |
| 15:49 | Create | Villager (Male) |
| 15:50 | Create | Villager (Male) |
| 15:50 | Create | Villager (Male) |
| 15:50 | Create | Villager (Male) |
| 15:50 | Create | Villager (Male) |
| 15:51 | Create | Villager (Male) |
| 16:06 | Build | Mill |
| 16:11 | Build | Farm |
| 16:14 | Build | Farm |
| 16:15 | Build | Farm |
| 16:26 | Build | Farm |
| 17:05 | Build | Farm |
| 17:05 | Build | Farm |
| 17:06 | Build | Farm |
| 17:06 | Build | Farm |
| 17:06 | Build | Farm |
| 17:28 | Create | Villager (Male) |
| 17:38 | Build | Farm |
| 17:41 | Build | Farm |
| 17:43 | Create | Villager (Male) |
| 18:01 | Build | Farm |
| 18:10 | Build | House |
| 19:11 | Research | Castle Age |
| 19:20 | Create | Spearman |
| 19:20 | Create | Spearman |
| 19:24 | Research | Scale Barding Armor |
| 19:25 | Research | Scale Mail Armor |
| 20:19 | Build | House |
| 20:46 | Build | Farm |
| 20:53 | Research | Forging |
| 20:55 | Research | Scale Mail Armor |
| 20:59 | Create | Spearman |
| 20:59 | Create | Spearman |
| 21:33 | Research | Gold Mining |
| 21:51 | Age | Castle Age |
| 21:51 | Research | Heavy Plow |
| 21:52 | Research | Heavy Plow |
| 21:52 | Research | Heavy Plow |
| 21:56 | Research | Husbandry |
| 21:59 | Research | Bow Saw |
| 22:03 | Create | Villager (Male) |
| 22:04 | Create | Villager (Male) |
| 22:04 | Create | Villager (Male) |
| 22:28 | Build | Town Center |
| 22:45 | Build | Castle |
| 22:52 | Build | Castle |
| 22:54 | Build | Palisade Wall |
| 23:03 | Create | Villager (Male) |
| 24:01 | Build | Castle |
| 24:03 | Create | Villager (Male) |
| 24:03 | Create | Villager (Male) |
| 24:12 | Build | Palisade Gate |
| 24:18 | Build | House |
| 24:29 | Create | Villager (Male) |
| 24:29 | Create | Villager (Male) |
| 24:43 | Create | Villager (Male) |
| 24:43 | Create | Villager (Male) |
| 24:43 | Create | Villager (Male) |
| 24:44 | Create | Villager (Male) |
| 24:44 | Create | Villager (Male) |
| 25:05 | Build | Town Center |
Match timeline
| 6:52 | 小刀開狙鏡 · first_building Barracks |
| 9:01 | jj.moreno.minas · first_building Barracks |
| 9:32 | ゆきな · first_building Barracks |
| 9:48 | Gemini · first_building Barracks |
| 9:56 | Gemini · wall_segment Palisade Wall x1 |
| 10:18 | Gemini · wall_segment Palisade Wall x4 |
| 10:18 | jj.moreno.minas · age_up feudal |
| 10:20 | Gemini · wall_segment Palisade Wall x3 |
| 10:23 | jj.moreno.minas · first_building Stable |
| 10:27 | Gemini · age_up feudal |
| 11:00 | ゆきな · age_up feudal |
| 11:08 | Gemini · first_building Stable |
| 11:26 | Like_2_win2 · first_building Barracks |
| 11:34 | Gemini · wall_segment Palisade Wall x7 |
| 11:37 | 小刀開狙鏡 · age_up feudal |
| 12:39 | Like_2_win2 · age_up feudal |
| 13:04 | aigle mortel · age_up feudal |
| 13:40 | Gemini · wall_segment Palisade Wall x4 |
| 13:46 | Gemini · wall_segment Palisade Wall x3 |
| 13:49 | Gemini · wall_segment Palisade Wall x4 |
| 13:50 | Gemini · wall_segment Palisade Wall x1 |
| 14:44 | Gemini · wall_segment Palisade Wall x1 |
| 14:56 | Gemini · wall_segment Palisade Wall x1 |
| 15:34 | Like_2_win2 · wall_segment Palisade Wall x18 |
| 15:48 | Like_2_win2 · first_building Stable |
| 17:31 | aigle mortel · age_up castle |
| 17:36 | Like_2_win2 · wall_segment Palisade Wall x8 |
| 17:37 | aigle mortel · first_building Castle |
| 17:40 | aigle mortel · first_building Monastery |
| 17:46 | Like_2_win2 · wall_segment Palisade Wall x7 |
| 18:50 | 小刀開狙鏡 · first_building Stable |
| 19:57 | jj.moreno.minas · first_building Archery Range |
| 21:45 | ゆきな · first_market_buy 100 food |
| 21:51 | Gemini · age_up castle |
| 21:53 | Like_2_win2 · wall_segment Palisade Wall x5 |
| 22:12 | Like_2_win2 · wall_segment Palisade Wall x8 |
| 22:43 | Like_2_win2 · age_up castle |
| 22:45 | Gemini · first_building Castle |
| 22:54 | Gemini · wall_segment Palisade Wall x1 |
| 23:18 | 小刀開狙鏡 · age_up castle |
| 24:32 | jj.moreno.minas · age_up castle |
| 25:58 | ゆきな · age_up castle |
| 26:09 | jj.moreno.minas · first_building Monastery |
| 28:47 | jj.moreno.minas · first_building Castle |
| 30:25 | Like_2_win2 · first_building Castle |
| 31:20 | Like_2_win2 · wall_segment Palisade Wall x8 |
| 34:06 | ゆきな · first_building Castle |
| 34:15 | jj.moreno.minas · age_up imperial |
| 35:46 | Like_2_win2 · age_up imperial |
| 38:10 | 小刀開狙鏡 · first_market_buy 100 stone |
| 38:29 | 小刀開狙鏡 · first_building Castle |
| 39:52 | Gemini · age_up imperial |
| 39:52 | ゆきな · first_building Stable |
| 42:28 | 小刀開狙鏡 · first_building Archery Range |
| 45:22 | Gemini · first_market_sell 500 food |
| 46:00 | ゆきな · first_market_sell 100 wood |
| 47:01 | aigle mortel · age_up imperial |
| 48:15 | ゆきな · first_building Monastery |
| 49:23 | ゆきな · age_up imperial |
| 50:20 | ゆきな · resign |
| 52:20 | aigle mortel · first_market_buy 100 stone |
[ AI ANALYSIS · 1 CREDIT ]
What really happened in this match?
Wolo.gg analyzes every decision: build order, eco, micro, common mistakes by bracket. Personalized analysis on WhatsApp or Discord in 30 seconds.
Civ guide
Hindustanis
Perfil
Jugador #5970261